 Dungeon Crawl Stone Soup version 0.30-a0-1053-gbd8d5ba0ad (webtiles) character file.

Game seed: 1927357991647023669

39123 Iich the Severer (level 13, -1/112 HPs)
             Began as a Demonspawn Fighter on Apr 11, 2023.
             Was an Initiate of Gozag.
             Slain by a komodo dragon (10 damage)
             ... while petrified by a catoblepas
             ... on level 4 of the Lair of Beasts.
             The game lasted 00:37:57 (17425 turns).

Iich the Severer (Demonspawn Fighter)              Turns: 17425, Time: 00:37:58

Health: -1/112     AC: 18    Str: 22    XL:     13   Next: 67%
Magic:  13/13      EV:  2    Int:  9    God:    Gozag
Gold:   351        SH:  0    Dex: 17    Spells: 12/12 levels left

rFire   . . .      SeeInvis +    a - +4 war axe
rCold   + + .      Faith    .    P - +2 tower shield {rC+}
rNeg    + + +      Spirit   .    c - +4 plate armour
rPois   ∞          Reflect  .    (helmet restricted)
rElec   +          Rampage  +    (cloak unavailable)
rCorr   +                        U - +1 pair of gloves {Stlth+}
Will    .....                    (no boots) Stlth
                                 G - amulet of Jir Wip {RegenMP Rampage +Inv rF- SInv}
HPRegen 0.00/turn                v - +5 ring of evasion
MPRegen 0.53/turn                R - +5 ring of evasion

@: resistant, petrified, inhibited regen
A: rugged brown scales 1, powered by death 2, powered by pain 1, weakness
stinger 3, horns 1, thin skeletal structure 1, inhibited regeneration, strong 1,
subdued magic 1
a: Renounce Religion, Evoke Invisibility, Potion Petition, Call Merchant, Bribe
Branch


You were on level 4 of the Lair of Beasts.
You worshipped Gozag.
Gozag was aware of your devotion.
You visited 3 branches of the dungeon, and saw 17 of its levels.
You also visited: Gauntlet and Ice Cave.

You collected 4523 gold pieces.
You spent 665 gold pieces at shops.
You paid 3507 gold pieces to Gozag.

Inventory:

Hand Weapons
 a - a +4 war axe (weapon)
 b - a +1 antimagic war axe
 J - a +0 eveningstar
Missiles
 k - 3 throwing nets
 w - 11 boomerangs (quivered)
 S - a curare-tipped dart
Armour
 c - a +4 plate armour (worn)
 e - a +2 helmet
 s - the +4 ring mail of Nericouph {rElec Will+}
   (You took it off an orc on level 3 of the Dungeon)

   rElec:     It insulates you from electricity.
   Will:      It increases your willpower.
 E - a +0 chain mail
 P - a +2 tower shield of cold resistance (worn)
 U - a +1 pair of gloves of stealth (worn)
 V - the +0 chain mail of Inference {Rampage +Inv rElec rC+}
   (You bought it in a shop on level 3 of the Lair of Beasts)

   rC:        It protects you from cold.
   rElec:     It insulates you from electricity.
   +Inv:      It lets you turn invisible.
   Rampage:   It bestows one free step when moving towards enemies.
Jewellery
 j - a ring of magical power
 v - a +5 ring of evasion (left hand)
 G - the amulet of Jir Wip (around neck) {RegenMP Rampage +Inv rF- SInv}
   (You found it on level 8 of the Dungeon)

   [amulet of magic regeneration]

   It increases your rate of magic regeneration.
   rF:        It makes you vulnerable to fire.
   SInv:      It lets you see invisible.
   +Inv:      It lets you turn invisible.
   Rampage:   It bestows one free step when moving towards enemies.
 I - a ring of protection from cold
 M - a ring of protection from cold
 N - a ring of willpower
 R - a +5 ring of evasion (right hand)
 W - a ring of wizardry
 X - the amulet "Ymyrhugo" {RegenMP rF+ rN+ Int+3}
   (You found it in a Gauntlet)

   [amulet of magic regeneration]

   It increases your rate of magic regeneration.
   Int:       It affects your intelligence (+3).
   rF:        It protects you from fire.
   rN:        It protects you from negative energy.
Wands
 i - a wand of iceblast (6)
 q - a wand of paralysis (9)
 D - a wand of digging (5)
 H - a wand of flame (25)
 K - a wand of polymorph (6)
Scrolls
 g - 3 scrolls of fear
 l - a scroll of immolation
 m - a scroll of vulnerability
 o - a scroll of noise
 r - a scroll of silence
 t - a scroll of teleportation
 x - a scroll of summoning
 y - 5 scrolls of enchant weapon
 z - 2 scrolls of amnesia
 B - a scroll of blinking
 F - 2 scrolls of fog
Potions
 d - a potion of might
 f - a potion of attraction
 h - 2 potions of haste
 n - a potion of resistance
 p - a potion of flight
 u - a potion of cancellation
 A - a potion of lignification
 C - a potion of invisibility
 L - a potion of magic
Miscellaneous
 O - a box of beasts (inert)
 Q - a box of beasts (inert)
 T - a tin of tremorstones (inert)


   Skills:
 + Level 12.9 Fighting
 * Level 16.2 Axes
 - Level 2.6 Armour
 + Level 9.4 Dodging
 - Level 2.6 Shields


You had 12 spell levels left.
You didn't know any spells.
Your spell library contained the following spells:

 Spells                   Type           Power      Damage    Failure   Level
 Slow                     Hex            0%         N/A       100%        1
 Blink                    Tloc           0%         N/A       100%        2
 Ensorcelled Hibernation  Hex/Ice        0%         N/A       100%        2
 Lesser Beckoning         Tloc           0%         N/A       100%        2
 Momentum Strike          Conj/Tloc      0%         3d8       100%        2
 Passwall                 Tmut/Erth      0%         N/A       100%        2
 Confusing Touch          Hex            0%         N/A       100%        3
 Hailstorm                Conj/Ice       0%         3d3       100%        3
 Inner Flame              Hex/Fire       0%         N/A       100%        3
 Swiftness                Air            0%         N/A       100%        3
 Vampiric Draining        Necr           0%         2d6       100%        3
 Anguish                  Hex/Necr       0%         N/A       100%        4
 Dispel Undead            Necr           0%         3d6       100%        4
 Ice Form                 Ice/Tmut       0%         N/A       100%        4
 Manifold Assault         Tloc           0%         N/A       100%        4
 Borgnjor's Vile Clutch   Necr/Erth      0%         N/A       100%        5
 Iskenderun's Battlesphe  Conj           0%         2d6       100%        5
 Yara's Violent Unravell  Hex/Tmut       0%         3d3       100%        5
 Iron Shot                Conj/Erth      0%         9d1       100%        6
 Enfeeble                 Hex            0%         N/A       100%        7
 Spellforged Servitor     Conj/Summ      0%         N/A       100%        7
 Storm Form               Tmut/Air       0%         N/A       100%        7
 Simulacrum               Ice/Necr       Unusable   N/A       N/A         6

Dungeon Overview and Level Annotations

Branches:
Dungeon (11/15)            Temple (1/1) D:5            Lair (5/5) D:8
 Shoals (0/4) Lair:2       Spider (0/4) Lair:3          Orc (0/2) D:10
  IceCv (visited)         Gauntlet (visited)
  Slime: Lair:4-5

Altars:
Ashenzari
Dithmenos
Fedhas
Gozag
Hepliaklqana
Okawaru
Qazlal
Ru
Sif Muna
Uskayaw
Vehumet
Wu Jian
Yredelemnul

Shops:
D:10 (*   Lair:3 [

Annotations:
D:7 2 transporters, Zeldest's ghost, novice DrRe


Innate Abilities, Weirdness & Mutations

You are partially covered in rugged brown scales. (AC +1, +3% HP)
You regenerate health from kills.
You sometimes gain a little power by taking damage.
You have a sharp stinger which inflicts weakening toxins.
You have a pair of small horns on your head.
You have a somewhat thin skeletal structure. (Dex +2, Stealth+)
You do not regenerate when monsters are visible.
Your muscles are strong. (Str +4, Int/Dex -1)
Your spells are a little easier to cast, but a little less powerful.


Message History

You block the cane toad's attack. The komodo dragon bites you!
* * * LOW HITPOINT WARNING * * *
The death yak is engulfed in calcifying dust.
The death yak stops moving altogether!
The wolf closely misses you. The wolf bites you but does no damage.
You take 11 damage, and have 17/112 hp.
You block the wolf's attack. The wolf closely misses you.
The catoblepas breathes a plume of calcifying dust at you.
The blast of calcifying dust hits the cane toad.
The blast of calcifying dust hits you but does no damage.
The death yak is engulfed in calcifying dust.
You block the wolf's attack.
The cane toad is engulfed in calcifying dust.
The cane toad is moving more slowly.
The cane toad misses you. You block the wolf's attack.
Your limbs are stiffening.
Unknown command.
The wolf attacks as you move away! You block the wolf's attack.
The cane toad attacks as you move away! You block the cane toad's attack.
The cane toad is engulfed in calcifying dust.
The cane toad stops moving altogether!
The wolf is engulfed in calcifying dust.
The wolf is moving more slowly.
The wolf bites you!
* * * LOW HITPOINT WARNING * * *
The death yak is engulfed in calcifying dust.
The cane toad is engulfed in calcifying dust.
The wolf is engulfed in calcifying dust.
The wolf stops moving altogether!
The death yak is engulfed in calcifying dust.
The cane toad is engulfed in calcifying dust.
You have turned to stone.
The wolf is engulfed in calcifying dust.
The cane toad is engulfed in calcifying dust. x2
The wolf is engulfed in calcifying dust.
The cane toad is engulfed in calcifying dust.
The komodo dragon bites you.
* * * LOW HITPOINT WARNING * * *
The cane toad is engulfed in calcifying dust.
The death yak is no longer petrified.
The komodo dragon bites you!!
You die...
Your body crumbles into a pile of gold.

.P........####P..##..##..## ##
.#........# #....#..#....# #
##.#...#..# ##...........## #
#....P..#.# #.#..##....#.# #
........#.###......#..#### #
.#..#..#..##..........## #
.#..#####..##...FY##.#.#### ####
###...##.#.#..hlhY#..#..#.####P#.
P.#...###..#.P..@.##....<........
.......##....##.P####.#.#...P####
..#....##.#.....## ####.##### #
#......#.#......# ### #
................# ##
#P.......#<....## #.
###...##..#.....# #. #
#....#).##.#..# ## #
##......##.#.## ##


You could see a death yak, a catoblepas, a komodo dragon, a cane toad
(petrified) and 2 wolves.

Vanquished Creatures
  A cacodemon (Gauntlet)
  A minotaur (Gauntlet)
  An ice dragon (IceCv)
  2 hydras (Lair:4)
  Erica (Lair:2)
  A boulder beetle (Lair:4)
  4 death yaks (Lair:4)
  The ghost of pokeman the Eclecticist, a journeyman DEHW of Vehumet (D:10)
  2 skysharks
  A wizard (D:9)
  A deep elf pyromancer (D:9)
  2 ugly things (D:9)
  A black mamba (Lair:2)
  10 elephants
  A spectral centaur (D:10)
  2 ice statues (IceCv)
  7 cane toads
  An unseen horror (D:10)
  7 rime drakes
  9 komodo dragons
  A troll (D:10)
  11 blink frogs
  A hornet (D:9)
  Prince Ribbit (D:7)
  3 jumping spiders (Lair:3)
  2 centaur simulacra (D:10)
  5 shadows
  A ynoxinul (Gauntlet)
  5 culicivoras (Lair:3)
  2 wraiths
  35 yaks
  A wyvern (D:9)
  A steam dragon (Lair:2)
  2 redbacks (Lair:3)
  2 basilisks
  6 water moccasins
  Duvessa (D:7)
  3 sky beasts
  7 black bears
  2 orc warriors (D:10)
  An ice beast (D:6)
  3 wolves (Lair:3)
  An ogre (D:6)
  6 centaurs
  6 kobold brigands
  13 bullfrogs
  2 scorpions (D:5)
  A gnoll sergeant (D:6)
  12 wights
  Dowan (D:7)
  3 lindwurm simulacra (IceCv)
  8 killer bees
  5 komodo dragon simulacra (IceCv)
  Crazy Yiuf (D:5)
  5 hounds
  A gnoll bouda (D:9)
  5 orc priests
  A sleepcap (D:7)
  3 iron imps (Gauntlet)
  12 orc wizards
  2 iguanas
  Robin (D:4)
  23 gnolls
  3 acid dragon simulacra (IceCv)
  3 adders
  A shadow imp (D:7)
  14 white imps
  10 steam dragon simulacra (IceCv)
  3 ufetubi
  2 worms
  2 dart slugs
  48 orcs
  3 ball pythons
  6 bats
  4 endoplasms
  3 giant cockroaches
  11 goblins
  10 hobgoblins
  26 kobolds
  6 quokkas
  4 frilled lizards
  2 rats
425 creatures vanquished.

Vanquished Creatures (collateral kills)
  A redback zombie (D:10)
1 creature vanquished.

Vanquished Creatures (others)
  A howler monkey (D:11)
  44 fungi
  52 plants
97 creatures vanquished.

Grand Total: 523 creatures vanquished

Notes
Turn   | Place    | Note
-------+----------+-------------------------------------------
     0 | D:1      | Iich the Demonspawn Fighter began the quest for the Orb.
     0 | D:1      | Reached XP level 1. HP: 18/18 MP: 1/1
    83 | D:1      | Reached skill level 2 in Axes
   135 | D:1      | Gained mutation: You are partially covered in rugged brown
                  | scales. (AC +1, +3% HP) [demonic ancestry]
   135 | D:1      | Reached XP level 2. HP: 13/24 MP: 2/2
   300 | D:1      | You fall into a shaft and drop 1 floor!
   920 | D:2      | Gained mutation: You sometimes gain a little power by
                  | taking damage. [demonic ancestry]
   920 | D:2      | Reached XP level 3. HP: 29/29 MP: 3/3
  1022 | D:2      | Identified the +0 robe of Hepliaklqana's Envy {Dex+3
                  | Archmagi}
  1190 | D:2      | Reached skill level 3 in Axes
  1409 | D:3      | Identified the +4 ring mail of Nericouph {rElec Will+}
  1410 | D:3      | Found a sacrificial altar of Ru.
  1418 | D:3      | Gained mutation: You have a small tail. [demonic ancestry]
  1418 | D:3      | Reached XP level 4. HP: 38/38 MP: 4/4
  1675 | D:3      | Reached skill level 4 in Axes
  2290 | D:4      | Noticed Robin
  2294 | D:4      | Gained mutation: You regenerate a little health from kills.
                  | [demonic ancestry]
  2294 | D:4      | Reached XP level 5. HP: 43/43 MP: 5/5
  2309 | D:4      | Killed Robin
  2999 | D:4      | Reached XP level 6. HP: 36/50 MP: 6/6
  3253 | D:5      | Entered Level 5 of the Dungeon
  3253 | D:5      | Found a shadowy altar of Dithmenos.
  3298 | D:5      | Noticed a water moccasin
  3317 | D:5      | Killed a water moccasin
  3318 | D:5      | Reached skill level 5 in Axes
  3509 | D:5      | Found a staircase to the Ecumenical Temple.
  3523 | D:5      | Reached skill level 5 in Fighting
  3533 | D:5      | Reached XP level 7. HP: 23/57 MP: 7/7
  3538 | D:5      | Reached skill level 6 in Axes
  3693 | Temple   | Entered the Ecumenical Temple
  3714 | Temple   | Became a worshipper of Gozag Ym Sagoz the Greedy
  4093 | D:5      | Found a runed translucent door.
  4094 | D:5      | Noticed Crazy Yiuf
  4483 | D:5      | Killed Crazy Yiuf
  4552 | D:6      | Reached skill level 7 in Axes
  4577 | D:6      | Reached XP level 8. HP: 63/65 MP: 8/8
  4725 | D:6      | Reached skill level 8 in Axes
  5750 | D:7      | Reached skill level 9 in Axes
  5750 | D:7      | Reached XP level 9. HP: 67/74 MP: 9/9
  5852 | D:7      | Noticed Prince Ribbit
  5869 | D:7      | Killed Prince Ribbit
  6013 | D:7      | Noticed Duvessa
  6013 | D:7      | Noticed Dowan
  6031 | D:7      | Killed Duvessa
  6032 | D:7      | Killed Dowan
  6110 | D:7      | Found a transporter.
  6113 | D:7      | Noticed Zeldest's ghost (novice DrRe)
  6127 | D:7      | Noticed a manticore
  6205 | D:7      | Found a transporter.
  6422 | D:8      | Reached skill level 10 in Axes
  6440 | D:8      | Reached skill level 1 in Dodging
  6588 | D:8      | Found a staircase to the Lair.
  6668 | D:8      | Reached XP level 10. HP: 66/84 MP: 10/10
  6724 | D:8      | Identified the amulet of Jir Wip {RegenMP Rampage +Inv rF-
                  | SInv}
  6833 | D:8      | Reached skill level 11 in Axes
  7207 | D:9      | Noticed a deep elf pyromancer
  7207 | D:9      | Noticed a white ugly thing
  7708 | D:9      | Killed a deep elf pyromancer
  7722 | D:9      | Noticed a brown ugly thing
  7724 | D:9      | Noticed a wizard
  7734 | D:9      | Killed a brown ugly thing
  7765 | D:9      | Killed a wizard
  7781 | D:9      | Reached skill level 12 in Axes
  7833 | D:9      | Killed a white ugly thing
  7978 | D:9      | Gained mutation: You have a tail ending in a sharp stinger.
                  | [demonic ancestry]
  7978 | D:9      | Reached XP level 11. HP: 66/92 MP: 11/11
  7981 | D:9      | Reached skill level 5 in Dodging
  8129 | D:9      | Paralysed by a hornet for 2 turns
  8133 | D:9      | Paralysed by a hornet for 3 turns
  8143 | D:9      | Reached skill level 10 in Fighting
  8583 | D:10     | Entered Level 10 of the Dungeon
  8645 | D:10     | Found a staircase to the Orcish Mines.
  8781 | D:10     | Found a broken altar of Ashenzari.
  8849 | D:10     | Found a runed translucent gate.
  8849 | D:10     | Found a runed translucent gate.
  8849 | D:10     | Found a runed translucent gate.
  8856 | D:10     | Found Zoli Ixa's General Store.
  8864 | D:10     | Noticed pokeman's ghost (journeyman DEHW)
  8878 | D:10     | Bought a scroll of blinking for 127 gold pieces
  8888 | D:10     | Identified the +10 hand axe of Iich's Instant Death {spect,
                  | Int+5}
  9808 | D:10     | Killed pokeman's ghost
  9809 | D:10     | Reached skill level 13 in Axes
 10096 | Lair:1   | Entered Level 1 of the Lair of Beasts
 10487 | Lair:1   | Found a frozen archway.
 10532 | IceCv    | Entered an ice cave
 10990 | IceCv    | Noticed an ice dragon
 11008 | IceCv    | Killed an ice dragon
 11009 | IceCv    | Gained mutation: You have a sharp stinger which inflicts
                  | weakening toxins. [demonic ancestry]
 11009 | IceCv    | Reached XP level 12. HP: 103/103 MP: 4/12
 11222 | IceCv    | Identified the +6 dagger "Eneh" {venom, Contam rElec rN+++
                  | Str+3}
 11687 | Lair:1   | Identified the +5 war axe "Arbiter" {holy, rF+ Str+4}
 11745 | Lair:1   | Reached skill level 14 in Axes
 13291 | Lair:2   | Reached skill level 15 in Axes
 13522 | Lair:2   | Found a staircase to the Shoals.
 13523 | Lair:2   | Noticed Erica
 13538 | Lair:2   | Killed Erica
 14175 | Lair:3   | Bought a +1 pair of gloves of stealth for 181 gold pieces
 14175 | Lair:3   | Bought the +0 chain mail of Inference {Rampage +Inv rElec
                  | rC+} for 357 gold pieces
 14222 | Lair:3   | Gained mutation: You regenerate health from kills. [demonic
                  | ancestry]
 14222 | Lair:3   | Reached XP level 13. HP: 79/111 MP: 13/13
 14412 | Lair:3   | Found a hole to the Spider Nest.
 15119 | Lair:4   | Found a gate leading to a gauntlet.
 15140 | Gauntlet | Entered a Gauntlet
 15140 | Gauntlet | Found a transporter.
 15140 | Gauntlet | Found a transporter.
 15374 | Gauntlet | Found a transporter.
 15379 | Gauntlet | Found a transporter.
 15385 | Gauntlet | Found a transporter.
 15385 | Gauntlet | Found a transporter.
 15388 | Gauntlet | Noticed a cacodemon
 15394 | Gauntlet | Found a transporter.
 15409 | Gauntlet | Found a transporter.
 15431 | Gauntlet | Found a transporter.
 15432 | Gauntlet | Found a transporter.
 15442 | Gauntlet | Found a transporter.
 15455 | Gauntlet | Found a transporter.
 15727 | Gauntlet | Gained mutation: You are frail. (-10% HP) [a cacodemon]
 15729 | Gauntlet | Gained mutation: Your magical capacity is low. (-10% MP) [a
                  | cacodemon]
 15740 | Gauntlet | Gained mutation: You are vulnerable to heat. (rF-) [a
                  | cacodemon]
 15742 | Gauntlet | Killed a cacodemon
 15748 | Gauntlet | Identified the +0 cloak of Starshine {Harm rF++ rC- SInv}
 15754 | Gauntlet | Lost mutation: Your magical capacity is low. (-10% MP)
                  | [potion of mutation]
 15754 | Gauntlet | Lost mutation: You are vulnerable to heat. (rF-) [potion of
                  | mutation]
 15754 | Gauntlet | Gained mutation: You are somewhat resistant to further
                  | mutation. [potion of mutation]
 15755 | Gauntlet | Lost mutation: You are somewhat resistant to further
                  | mutation. [potion of mutation]
 15755 | Gauntlet | Lost mutation: You are frail. (-10% HP) [potion of
                  | mutation]
 15755 | Gauntlet | Gained mutation: You are weak. (Str -2) [potion of
                  | mutation]
 15755 | Gauntlet | Gained mutation: You have a pair of small horns on your
                  | head. [potion of mutation]
 15755 | Gauntlet | Gained mutation: You have a pair of horns on your head.
                  | [potion of mutation]
 15755 | Gauntlet | Gained mutation: Your spells are a little harder to cast,
                  | but a little more powerful. [potion of mutation]
 15756 | Gauntlet | Lost mutation: Your spells are a little harder to cast, but
                  | a little more powerful. [potion of mutation]
 15756 | Gauntlet | Lost mutation: You have a pair of horns on your head.
                  | [potion of mutation]
 15756 | Gauntlet | Lost mutation: You are weak. (Str -2) [potion of mutation]
 15756 | Gauntlet | Gained mutation: You do not regenerate when monsters are
                  | visible. [potion of mutation]
 15756 | Gauntlet | Gained mutation: You have a somewhat thin skeletal
                  | structure. (Dex +2, Stealth+) [potion of mutation]
 15756 | Gauntlet | Gained mutation: Your spells are a little easier to cast,
                  | but a little less powerful. [potion of mutation]
 15756 | Gauntlet | Gained mutation: Your muscles are strong. (Str +4, Int/Dex
                  | -1) [potion of mutation]
 16043 | Gauntlet | Noticed a minotaur
 16071 | Gauntlet | Killed a minotaur
 16343 | Gauntlet | Identified the +5 scimitar "Pofaoh" {heavy, Fragile rF+++
                  | rC+ Will++}
 16343 | Gauntlet | Identified the amulet "Ymyrhugo" {RegenMP rF+ rN+ Int+3}
 16344 | Gauntlet | Got the Handbook of the Hexing Mausoleum
 16554 | Lair:4   | Reached skill level 16 in Axes
 16784 | Lair:4   | Identified the +3 long sword of Gozag's Condemnation
                  | {heavy, rC+ Int+4}
 16965 | Lair:5   | Entered Level 5 of the Lair of Beasts
 17425 | Lair:4   | Slain by a komodo dragon

Illustrated notes

Levels and vault maps discovered:
D:1:      psy_arrival_conway, layout_loops_ring
D:2:      layout_rooms
D:3:      layout_loops_cross, lemuel_crystal_altar, minmay_misc_feat_alley
D:4:      layout_basic, dreamdust_gnoll_farm, uniq_robin
D:5:      layout_loops_corners, mainiacjoe_overflow_catwalk,
          minmay_temple_entry_arrows, uniq_crazy_yiuf_cottage
D:6:      layout_cave_pools
D:7:      layout_cave_pools, gammafunk_ghost_arena, dk_noncrumbling_3,
          uniq_prince_ribbit1, uniq_duvessa
D:8:      layout_basic, due_lair_maze_entry_diamond, minmay_statues_item
D:9:      layout_loops_ring, minivault_23, kb_rosetta
D:10:     layout_irregular_city, general_overflow_altar, hiddenorc1_lemuel,
          gammafunk_ghost_necromancy, serial_shops, shop_coins
D:11:     layout_loops_corners, kennysheep_diamond, uniq_grum
Temple:   compressed_dpeg_triangle_lava_temple
Lair:1:   layout_small_grid, portal_ice_cave_entry_imps
Lair:2:   layout_long_grid, minmay_shoals_entry_centaurs, uniq_erica
Lair:3:   layout_hall_layers, nicolae_spider_entry_tight_spaces
Lair:4:   layout_loops_ring, gauntlet_entry_generic, fungi_pond_lemuel
Lair:5:   hellmonk_lair_end_abyssal_woods, layout_cave_shapes, slime_entry_2,
          chequers_serial_rivers_micro_d

Skill      XL: |  1  2  3  4  5  6  7  8  9 10 11 12 13 |
---------------+----------------------------------------+-----
Axes           | 2 3 4 5 7 9 10 12 13 15 16 | 16.2
Fighting       | 4 5 6 7 8 9 11 12 | 12.9
Dodging        | 2 4 6 8 9 |  9.4
Armour         | |  2.6
Shields        | |  2.6

Action                     |  1- 3 |  4- 6 |  7- 9 | 10-12 | 13-15 || total
---------------------------+-------+-------+-------+-------+-------++-------
  Melee: War axe           |   126 |   143 |   337 |   806 |   228 ||  1640
         Tailslap          |       |    19 |    46 |   147 |    52 ||   264
         Eveningstar       |       |       |       |       |    50 ||    50
         Headbutt          |       |       |       |       |    35 ||    35
  Throw: Boomerang         |       |     2 |     3 |       |       ||     5
 Invoke: Potion Petition   |       |       |       |     4 |     2 ||     6
         Call Merchant     |       |       |       |     2 |       ||     2
  Evoke: Wand              |       |     2 |       |     9 |     2 ||    13
         Box of beasts     |       |       |       |     1 |     1 ||     2
         Tin of tremorston |       |       |       |     1 |     1 ||     2
    Use: Potion            |     1 |     3 |     3 |     2 |     6 ||    15
         Scroll            |     1 |     2 |    11 |     8 |     4 ||    26
   Stab: Distracted        |       |       |     1 |     5 |     2 ||     8
         Paralysed         |       |       |       |     6 |       ||     6
 Armour: Scale mail        |    88 |       |       |       |       ||    88
         Ring mail         |       |    99 |   190 |   291 |    78 ||   658
         Plate armour      |       |       |       |       |    56 ||    56
  Dodge: Dodged            |    55 |    89 |   176 |   592 |   315 ||  1227
  Block: Buckler           |    34 |    44 |   101 |   113 |       ||   292
         Tower shield      |       |       |       |   342 |   325 ||   667

Table legend: (Time is in decaauts)
 A = Elapsed time spent in this place.
 B = Non-inter-level travel time spent in this place.
 C = Inter-level travel time spent in this place.
 D = Time resting spent in this place.
 E = Time spent auto-exploring this place.
 F = Levels seen in this place.
 G = Mean time per level.
                   A        B        C        D        E       F      G
               +--------+--------+--------+--------+--------+-----+--------+
         Total |  17598 |  17174 |    424 |   2864 |  10391 |  19 |  926.2 |
       Dungeon |  10182 |   9855 |    327 |   1084 |   6749 |  11 |  925.6 |
        Temple |     36 |     36 |      0 |      0 |      9 |   1 |   36.0 |
          Lair |   5372 |   5276 |     96 |   1100 |   2843 |   5 | 1074.4 |
      Ice Cave |    787 |    787 |      0 |    208 |    359 |   1 |  787.0 |
      Gauntlet |   1219 |   1219 |      0 |    471 |    431 |   1 | 1219.0 |
               +--------+--------+--------+--------+--------+-----+--------+

Top non-repeatable levels by time:
  Lair:2: 1701 daAuts
    D:10: 1448 daAuts
  Lair:1: 1350 daAuts
     D:9: 1311 daAuts
     D:5: 1276 daAuts
Gauntlet: 1219 daAuts
     D:6: 1209 daAuts
  Lair:4: 1172 daAuts
  Lair:3: 1099 daAuts
     D:3: 1078 daAuts
     D:4: 925 daAuts
     D:8: 910 daAuts
     D:1: 826 daAuts
   IceCv: 787 daAuts
     D:7: 664 daAuts
